 Dungeon Crawl Stone Soup version 0.10.0-32-gfa280cc character file.

3256 Nezza the Quickloader (level 9, -7/73 HPs)
             Began as a Minotaur Hunter on Mar 15, 2012.
             Was a Priest of Okawaru.
             Engulfed by an ice statue's freezing vapour (16 damage)
             ... on Level 7 of the Dungeon.
             The game lasted 02:07:46 (7134 turns).

Nezza the Quickloader (Minotaur Hunter)             Turns: 7134, Time: 02:07:46

HP  -7/73        AC  8     Str 17      XL: 9   Next: 64%
MP   2/3         EV 19     Int  5 (8)  God: Okawaru [***...]
Gold 316         SH  0     Dex 14      Spells:  0 memorised,  8 levels left

Res.Fire  : . . .   See Invis. : .   x - +2 bow (flame)
Res.Cold  : . . .   Warding    : . . q - +3 leather armour
Life Prot.: . . .   Conserve   : .   (no shield)
Res.Acid. : . . .   Res.Corr.  : .   (helmet restricted)
Res.Poison: .       Clarity    : .   (no cloak)
Res.Elec. : .       Spirit.Shd : .   (no gloves)
Sust.Abil.: . .     Stasis     : .   (no boots)
Res.Mut.  : .       Ctrl.Telep.: .   (no amulet)
Res.Rott. : .       Levitation : .   L - +2 ring of evasion
Saprovore : . . .   Ctrl.Flight: .   S - ring of protection from magic {unknown}

@: about to teleport, invisible, very slightly contaminated, heroism, quite
resistant to hostile enchantments, stealthy
A: retaliatory headbutt, horns 2, herbivore 1, +10% hp, AC +1
a: Heroism, Renounce Religion


You were on level 7 of the Dungeon.
You worshipped Okawaru.
Okawaru was greatly pleased with you.
You were not hungry.

You visited 1 branch of the dungeon, and saw 8 of its levels.

You collected 296 gold pieces.

Inventory:

Hand weapons
 b - a +1,+3 crossbow
 j - a +2,+1 orcish dagger
 v - a +1,+1 orcish dagger
 x - a +2,+2 bow of flame (weapon)
 A - a -1,+0 orcish dagger
 G - a +0,+0 spear
 I - a +1,+1 orcish dagger
 J - a +1,+0 dagger of freezing
 R - a +3,+1 scythe of dragon slaying
 V - a +0,+0 bow
Missiles
 g - 11 +0 stones
 i - 29 +0 arrows (quivered)
 y - a +0 bolt
 Q - a +1 bolt
 Y - 27 poisoned +4 bolts {god gift}
Armour
 o - a +0 animal skin
 p - a +0 animal skin
 q - a +3 leather armour (worn)
 u - the +5 ring mail of Divine Intervention {unknown, rF+ Str+4 Int-2 Acc+3}
   (You found it on level 7 of the Dungeon)

   It affects your strength (+4).
   It affects your intelligence (-2).
   It affects your accuracy (+3).
   It protects you from fire.
 O - a +1 leather armour of poison resistance
 T - a +0 cloak
 X - the +0 leather armour of Sunlight {unknown, Str+4 Int+3}
   (You found it on level 6 of the Dungeon)

   It affects your strength (+4).
   It affects your intelligence (+3).
Comestibles
 f - 7 bread rations
 l - 3 meat rations
 z - a pear
 F - 3 apples
 N - a lychee
 P - a cheese
Scrolls
 h - 2 scrolls of detect curse
 k - a scroll of teleportation
 r - 2 scrolls of remove curse
 s - 5 scrolls of identify {unknown}
 E - 3 scrolls of recharging {unknown}
 U - a scroll of fog
Jewellery
 a - an uncursed ring of protection from fire {unknown}
 H - an uncursed ring of wizardry
 L - a +2 ring of evasion (right hand)
 S - a ring of protection from magic (left hand) {unknown}
Potions
 B - a potion of paralysis {unknown}
 C - a potion of degeneration
 D - 3 potions of curing
Books
 c - a book of Transfigurations

   Spells                             Type                      Level
   Stoneskin                          Transmutation/Earth          2
   Condensation Shield                Ice/Transmutation            4
   Ice Form                           Ice/Transmutation            4
   Statue Form                        Transmutation/Earth          6
   Dragon Form                        Fire/Transmutation           7


   Skills:
 - Level 1.5(6.5) Fighting
 * Level 7.5(12.5) Bows
 * Level 10.6(15.6) Crossbows
 - Level 3.5(8.5) Armour
 + Level 5.6(10.6) Dodging
 - Level 1.9(6.9) Stealth
 + Level 1.2(6.2) Traps & Doors
 - Level 0.2 Invocations


You had 8 spell levels left.
You didn't know any spells.

Dungeon Overview and Level Annotations

Branches:
Dungeon (8/27)             Temple (0/1) D:4
    Orc: D:6-11        Lair: D:8-13

Altars:
Fedhas
Makhleb
Okawaru
Zin

Shops:
D:4: (

Annotations
D:7 exclusion: ice statue


Innate Abilities, Weirdness & Mutations

You reflexively headbutt those who attack you in melee.
You have a pair of horns on your head.
You digest meat inefficiently.
You are robust (+10% HP).
You are covered in fur (AC +1).


Message History

Press: ? - help, Shift-Dir - straight line, f/p - ice statue
Aim: an ice statue (heavily damaged)
You shoot a +0 arrow.
You hear a sizzling sound!
Firing (i - inventory. (,) - cycle):
i - 30 +0 arrows (quivered)
Press: ? - help, Shift-Dir - straight line, f/p - ice statue
Aim: an ice statue (heavily damaged)
You shoot a +0 arrow.
The +0 arrow of flame hits the ice statue.
The ice statue appears unharmed.
The ice statue is heavily damaged.
* * * LOW HITPOINT WARNING * * *
You feel better.
Two of your 5 potions of curing freeze and shatter!
* * * LOW HITPOINT WARNING * * *
The ice statue throws ice at you. The shard of ice misses you.
As you read the scroll of teleportation, it crumbles to dust.
You feel strangely unstable.
You die...

#.# #.........# #.# #.# #.#
#.........# #.# #.#
#.######.........# #.# #.#
.................# #.# #.#
#.#############..# #.# #.#
#.#############..######.######.#
...............................#
#.#########.##⌠§§§⌠####.########
#.#########.##.§@§§# #.#
.....)......##.§(§.# #.#
#.#########.##.....# #.# #.#
#.##..(..# #.# #.# #.##.....#
#.# #.# #.##≈≈§≈≈# #.# #.#
#.##≈≈8≈≈# #.# #.# #.##≈≈≈≈≈#
#.# #.# #.# ?.. #.#


You could see an ice statue.

Vanquished Creatures
  Prince Ribbit (D:5)
  A spriggan (D:7)
  The ghost of Dalanoth the Skirmisher, an average DrDK of Yredelemnul (D:4)
  Eustachio (D:5)
  A hungry ghost (D:6)
  A sky beast (D:8)
  2 phantoms (D:7)
  2 ice beasts
  An ogre (D:7)
  2 centaurs
  Sigmund (D:4)
  A giant frog (D:7)
  4 crimson imps
  An orc priest (D:4)
  3 orc wizards
  An iguana (D:4)
  7 hounds
  7 scorpions
  8 worker ants
  A worm zombie (D:6)
  4 jellies
  6 gnolls (D:3)
  7 adders
  An iguana skeleton (D:7)
  4 giant mites
  An ufetubus (D:5)
  4 giant geckos
  An ooze (D:7)
  6 orcs
  6 giant cockroaches
  14 goblins
  10 hobgoblins
  6 jackals
  3 quokkas
  5 ball pythons
  12 bats
  6 giant newts
  2 hobgoblin skeletons
  A hobgoblin zombie (D:6)
  A jackal skeleton (D:4)
  11 kobolds
  A quokka skeleton (D:7)
  12 rats
  A fungus (D:6)
  A toadstool (D:3)
173 creatures vanquished.

Vanquished Creatures (others)
  A toadstool (D:2)
1 creature vanquished.

Grand Total: 174 creatures vanquished

Notes
Turn   | Place    | Note
--------------------------------------------------------------
     0 | D:1      | Nezza, the Minotaur Hunter, began the quest for the Orb.
     0 | D:1      | Reached XP level 1. HP: 17/17 MP: 0/0
   582 | D:1      | Reached XP level 2. HP: 21/24 MP: 0/0
   824 | D:2      | Reached skill level 5 in Crossbows
   846 | D:2      | Found an iron altar of Okawaru.
   867 | D:2      | Became a worshipper of Warmaster Okawaru
  1044 | D:2      | Reached skill level 1 in Armour
  1044 | D:2      | Reached XP level 3. HP: 25/29 MP: 1/1
  1221 | D:2      | Reached skill level 1 in Stealth
  1528 | D:3      | Found a burning altar of Makhleb.
  1687 | D:3      | Found a blossoming altar of Fedhas.
  1769 | D:3      | Reached skill level 6 in Crossbows
  1814 | D:3      | Reached XP level 4. HP: 16/36 MP: 1/1
  1886 | D:3      | Acquired Okawaru's first power
  2089 | D:4      | Reached XP level 5. HP: 33/41 MP: 1/1
  2111 | D:4      | Noticed Sigmund
  2153 | D:4      | Reached skill level 7 in Crossbows
  2196 | D:4      | Found a staircase to the Ecumenical Temple.
  2251 | D:4      | Found Xiuhes' Weapon Shop.
  2257 | D:4      | Noticed Dalanoth's ghost (average DrDK)
  2421 | D:4      | Killed Sigmund
  2421 | D:4      | Reached XP level 6. HP: 32/49 MP: 2/2
  2469 | D:4      | Reached skill level 8 in Crossbows
  2508 | D:5      | Entered Level 5 of the Dungeon
  2837 | D:4      | Killed Dalanoth's ghost
  2837 | D:4      | Reached XP level 7. HP: 34/55 MP: 2/2
  2856 | D:4      | Reached skill level 9 in Crossbows
  3287 | D:5      | Noticed Prince Ribbit
  3355 | D:5      | Noticed Eustachio
  3423 | D:5      | Killed Eustachio
  3731 | D:6      | Reached XP level 8. HP: 61/61 MP: 2/2
  3825 | D:5      | Killed Prince Ribbit
  3825 | D:5      | Reached skill level 10 in Crossbows
  3825 | D:5      | Reached skill level 5 in Dodging
  4080 | D:6      | Got a twisted leather armour
  4094 | D:6      | Found a glowing silver altar of Zin.
  4255 | D:6      | Reached skill level 1 in Bows
  4298 | D:6      | Gained mutation: You are covered in fur (AC +1).
  4298 | D:6      | Gained mutation: You are robust (+10% HP).
  4298 | D:6      | Gained mutation: You digest meat inefficiently.
  4395 | D:6      | Found a blossoming altar of Fedhas.
  4927 | D:6      | Found a glowing silver altar of Zin.
  5386 | D:7      | Got a warped ring mail
  5526 | D:7      | Found a flagged portal.
  5702 | D:7      | Reached XP level 9. HP: 73/73 MP: 0/3
  5790 | D:7      | Reached skill level 1 in Traps & Doors
  5871 | D:7      | Reached skill level 5 in Bows
  6267 | D:7      | Received a gift from Okawaru
  7134 | D:7      | Engulfed by an ice statue's freezing vapour
